[Event "Early-Titled-Tuesday-Blitz-February-27-2024"]
[Site "Chess.com"]
[Date "2024.02.27"]
[Round "11"]
[White "SantoBlue"]
[Black "Szparu"]
[Result "0-1"]
[WhiteElo "2951"]
[BlackElo "2808"]
[TimeControl "180+1"]
[EndTime "10:07:45 PST"]
[Termination "Szparu won by resignation"]

1. e4 c5 2. Nc3 Nc6 3. Nge2 g6 4. d4 cxd4 5. Nxd4 Bg7 6. Be3 Nf6 7. Bc4 O-O 8. Bb3 a5 9. O-O a4 10. Nxa4 Nxe4 11.
Nb5 Ra6 12. c4 d6 13. Bc2 Nf6 14. h3 Be6 15. b3 Nd7 16. Rc1 Rxa4 17. bxa4 Bxc4 18.
Re1 Bxa2 19. Bb3 Bxb3 20. Qxb3 Qa5 21. Na3 Nc5 22. Bxc5 dxc5 23. Qxb7 Qxa4 24. Rxc5 Qxa3 25. Rxc6 e6 26. Rd1 Qa8 27. Rd7 Qxb7 28. Rxb7 h5 29. Rcc7 h4 30. Rd7 Bf6 31. Kf1 Kg7 32. Ke2 Kg8 33. Kf3 Kg7 34. Ke4 Kg8 35. g3 hxg3 36. fxg3 Kg7 37. Kf3 Kg8 38. h4 Kg7 39. Kg2 Kg8 40.
Kh3 Kg7 41. g4 Kg8 42. g5 Bg7 43. Kg4 Be5 44. Kf3 Kg7 45. Re7 Kg8 46. Ke4 Bg3 47.
h5 gxh5 48. g6 Kg7 49. gxf7 e5 50. Kf5 h4 51. Kg4 e4 52. Rxe4 Rxf7 53. Rb5 Rf6 54.
Re7+ Rf7 55. Re6 Rf6 56. Rb7+ Kg6 57. Ree7 Rf4+ 58. Kh3 Rf6 59. Rg7+ Kf5 60. Rb5+ Ke4 61. Re7+ Kd3 62. Rd5+ Kc4 63. Rd1 Rf2 64. Re8 Rc2 65.
Re6 Kb3 66. Rd7 Rc4 67. Rd3+ Kc2 68. Rf3 Rc3 69. Rf1 Be1+ 70. Kg4 Bg3 71. Re2+ Kd3 72.
Ra2 Rc2 73. Rd1+ Kc3 74. Ra3+ Kb2 75. Rdd3 Rc4+ 76. Kf3 Rb4 77. Ra8 Rf4+ 78. Ke2 Rf2+ 79. Kd1 Rf1+ 80. Kd2 Rf2+ 81. Ke3 Kb1 82. Rc8 Rb2 83.
Rd1+ Ka2 84. Kd3 Rb3+ 85. Kc4 Ra3 86. Rc6 Ra4+ 87. Kb5 Ra8 88. Rd3 Rb8+ 89. Kc4 Kb2 90. Rd2+ Kc1 91. Rg2 Rb2 92. Rg1+ Kd2 93. Re6 Rc2+ 94.
Kd4 Bf2+ 95. Ke4 Bxg1 96. Kf3 Rc4 97. Rh6 Bh2 98. Rc6 Rxc6 0-1

[Event "Early-Titled-Tuesday-Blitz-February-27-2024"]
[Site "Chess.com"]
[Date "2024.02.27"]
[Round "11"]
[White "Witik"]
[Black "andrzej"]
[Result "1/2-1/2"]
[WhiteElo "2687"]
[BlackElo "2528"]
[TimeControl "180+1"]
[EndTime "10:07:46 PST"]
[Termination "Game drawn by repetition"]

1. e4 e5 2. Nf3 Nf6 3. Nc3 Bb4 4. Nxe5 O-O 5. Nd3 Bxc3 6. dxc3 Nxe4 7. Be2 Re8 8. O-O d6 9. Be3 h6 10. Re1 Nd7 11.
Bf1 b6 12. f3 Nef6 13. Qd2 Bb7 14. c4 Ne5 15. Qc3 Qd7 16. Bd4 Nxd3 17. Bxd3 Rxe1+ 18. Rxe1 Re8 19. Bxf6 gxf6 20. Qd2 Kg7 21. Kf2 Rxe1 22. Qxe1 Qe6 23. Qc1 Qe5 24. h3 a5 25. b3 a4 26. bxa4 Bc6 27. Qe3 Bxa4 28. f4 Qc5 29.
Ke2 Bc6 30. Qg3+ Kf8 31. Qh4 Qd4 32. Qxh6+ Ke7 33. Qh4 Bxg2 34. Qg3 Qg1 35. Qe3+ Qxe3+ 36. Kxe3 Bxh3 37. Kd4 Bg2 38. a3 Kd7 39. Bf5+ Kc6 40. Bh7 Bf3 41. Bf5 Kb7 42. Bd7 c5+ 43. Ke3 Bd1 44.
c3 Kc7 45. Be8 Bh5 46. f5 Kd8 47. Bc6 Bg4 48. Kf4 Bh3 49. Bd5 Ke7 50. Bc6 Bf1 51. Bd5 Bd3 52. Kg4 Bc2 53. Kf4 Ba4 54. Kg4 Be8 55. Kf4 Bd7 56. Ke4 Be8 57. Kf4 Kd8 58. Ke4 Kc7 59. Kf4 Kb8 60. Ke4 Kc8 61. Kf4 Kc7 62. Ke3 b5 63. cxb5 Bxb5 64. Bxf7 Bc6 65.
Be6 d5 66. Kd2 Kd6 67. Ke3 Bd7 68. Bxd7 Kxd7 69. Kd3 Kc6 70. Kc2 Kb5 71. Kb3 Ka5 72. Kc2 Ka4 73. Kb2 Ka5 74. Kb3 Kb5 75. Kb2 Kc4 76.
Kc2 Kb5 77. Kb3 Ka5 78. Kb2 Ka4 79. Ka2 Kb5 80. Kb3 1/2-1/2

[Event "Early-Titled-Tuesday-Blitz-February-27-2024"]
[Site "Chess.com"]
[Date "2024.02.27"]
[Round "11"]
[White "GeorgiosSouleidis"]
[Black "Russian_berezka"]
[Result "1/2-1/2"]
[WhiteElo "2703"]
[BlackElo "2595"]
[TimeControl "180+1"]
[EndTime "10:07:50 PST"]
[Termination "Game drawn by stalemate"]

1. e4 c5 2. Be2 e6 3. d3 Nc6 4. f4 g6 5. Nf3 Bg7 6. O-O d6 7. c3 f5 8. Be3 Nge7 9. Nbd2 O-O 10. a3 b5 11. Qb3 Rb8 12. Ng5 Qd7 13. Rae1 h6 14. Ngf3 Kh7 15. e5 Nd5 16. Bd1 Nxe3 17. Rxe3 dxe5 18. Nxe5 Nxe5 19. fxe5 Bb7 20. Bf3 c4 21.
Qc2 f4 22. Ree1 cxd3 23. Qb3 Rf5 24. Bxb7 Rxb7 25. Nf3 g5 26. h3 Qd5 27. Qxd5 exd5 28.
Rd1 Bxe5 29. Rxd3 Bc7 30. Rfd1 Bb6+ 31. Kf1 Rd7 32. b3 h5 33. c4 bxc4 34. bxc4 g4 35. hxg4 hxg4 36. Nh2 g3 37. Nf3 d4 38. Nxd4 Rh5 39.
Nf3 Rh1+ 40. Ke2 Rxd1 41. Rxd1 Re7+ 42. Kf1 Bc5 43. a4 Kg6 44. Rd5 Be3 45. Ke2 Rb7 46. Rb5 Rc7 47. Kd3 Rd7+ 48. Ke4 Rd1 49. c5 Rc1 50. c6 Kf6 51. Rh5 Kg6 52. Rd5 Kf6 53. Rh5 Kg6 54. Rg5+ Kf6 55. Rf5+ Ke6 56.
Ng5+ Kd6 57. Rf6+ Kc7 58. Ne6+ Kb6 59. Nxf4 Bxf4 60. Kxf4 Rf1+ 61. Ke5 Rf2 62. a5+ Kc7 63. a6 Rxg2 64. Rg6 Re2+ 65. Kd5 g2 66. Rg7+ Kb6 67. Rb7+ Kxa6 68. Rg7 Rd2+ 69. Kc5 Rc2+ 70. Kd6 Kb6 71.
Rb7+ Ka6 72. Rg7 Rd2+ 73. Kc7 Rc2 74. Rg5 Rd2 75. Kb8 Rb2+ 76. Kc8 Rc2 77. c7 Kb6 78. Rg6+ Kb5 79. Kb8 a5 80. Rxg2 Rxg2 81. c8=Q Rb2 82. Qb7+ Ka4 83. Qxb2 1/2-1/2

[Event "Early-Titled-Tuesday-Blitz-February-27-2024"]
[Site "Chess.com"]
[Date "2024.02.27"]
[Round "11"]
[White "Der_Balak_3Halak"]
[Black "deribas12345"]
[Result "0-1"]
[WhiteElo "2463"]
[BlackElo "2587"]
[TimeControl "180+1"]
[EndTime "10:07:50 PST"]
[Termination "deribas12345 won on time"]

1. e4 e6 2. d4 d5 3. exd5 exd5 4.
Bd3 c5 5. dxc5 Bxc5 6. Nf3 Ne7 7. O-O O-O 8. Nbd2 Nbc6 9. Nb3 Bb6 10. c3 Bf5 11. Nbd4 Nxd4 12. Nxd4 Bxd4 13. cxd4 Bxd3 14. Qxd3 Nc6 15. Bd2 Qb6 16. Bc3 Rfe8 17. Rfe1 Qa6 18. Qxa6 bxa6 19. f3 f6 20. Kf2 Kf7 21. g4 Rxe1 22.
Rxe1 Re8 23. Rxe8 Kxe8 24. Ke3 Kd7 25. h4 g6 26. h5 gxh5 27. gxh5 Ke6 28. Kf4 Kf7 29.
Kf5 Ne7+ 30. Kg4 Ke6 31. Bb4 Nf5 32. Bc5 Ne3+ 33. Kf4 Nd1 34. b3 Nc3 35. a4 Ne2+ 36. Kg4 Nc1 37. b4 Nd3 38. b5 axb5 39. axb5 f5+ 40.
Kg5 h6+ 41. Kxh6 Nxc5 42. dxc5 d4 43. Kg7 d3 44. h6 d2 45. h7 d1=Q 46. h8=Q Qd4+ 47.
Kg8 Qxc5 48. Qh6+ Ke5 49. Qg7+ Kf4 50. Qb7 Ke3 51. Qc6 Qe5 52. Kf7 f4 53. Qd7 Qd4 54.
Qe6+ Kxf3 55. Qc6+ Qe4 56. Kf6 Ke3 57. Qc3+ Ke2 58.
Qb2+ Ke3 59. Qa3+ Qd3 60. Qxa7+ Ke2 61. Qe7+ Kd2 62. Qe5 f3 63. Qf4+ Qe3 64. Qd6+ Ke1 65. Qg3+ Ke2 66. Qg4 Qc3+ 67. Kg6 Qd3+ 68. Kh5 Qxb5+ 69.
Qg5 Qd3 70. Qe5+ Qe3 71. Qb2+ Qd2 72. Qb5+ Ke1 73. Qe5+ Qe2 74. Qa1+ Kf2 75. Qd4+ Kg2 76. Qg4+ Kh2 77. Qh4+ Kg2 78. Qg4+ Kh1 0-1

[Event "Early-Titled-Tuesday-Blitz-February-27-2024"]
[Site "Chess.com"]
[Date "2024.02.27"]
[Round "11"]
[White "Flaccidmoves"]
[Black "azikom"]
[Result "0-1"]
[WhiteElo "2466"]
[BlackElo "2622"]
[TimeControl "180+1"]
[EndTime "10:07:57 PST"]
[Termination "azikom won on time"]

1. d4 c6 2. c4 d5 3. cxd5 cxd5 4. Bg5 Qb6 5. Nc3 e6 6. Qd2 Nc6 7. e3 h6 8. Bh4 Bd7 9. Nf3 Rc8 10. Bd3 Nf6 11.
Bxf6 gxf6 12. O-O f5 13. Rac1 Qa5 14. a3 Be7 15. Rc2 O-O 16. Rfc1 Qd8 17. b4 Bf6 18.
Ne2 Ne7 19. Rxc8 Nxc8 20. Ne5 Nd6 21. Nf4 Bg5 22. Nh5 Be8 23. Nf4 Bb5 24. Bb1 Ne4 25.
Bxe4 fxe4 26. Qc3 Qf6 27. g3 Bxf4 28. exf4 Qf5 29. Qe3 f6 30. Rc5 a6 31. Rxb5 axb5 32.
Nd7 Rf7 33. Nc5 b6 34. Na6 Ra7 35. Qc1 Kh7 36. Qc8 Qg4 37. Qb8 Rg7 38. Qxb6 Qd1+ 39. Kg2 Qf3+ 40. Kg1 e3 41. fxe3 Qxe3+ 42. Kg2 Qe4+ 43.
Kg1 h5 44. Nc5 Qe3+ 45. Kg2 Qe2+ 46. Kg1 Qd1+ 47. Kg2 Qd2+ 48. Kg1 Qxd4+ 49. Kg2 Qd2+ 50. Kg1 Qe1+ 51. Kg2 Qe2+ 52. Kg1 h4 53. Qxe6 Qxe6 54. Nxe6 Ra7 55. Nd4 Rxa3 56. gxh4 Ra4 57. Nxb5 Rxb4 58. Nc7 d4 59. Kf2 Rb2+ 60. Kf3 d3 61. Ke3 Rxh2 62. Kxd3 Rxh4 63. Ke4 Kg6 64. Ne6 Rh1 65. Nd4 Re1+ 66. Kf3 Rd1 67. Ne2 Rd3+ 68. Ke4 Ra3 69. Nd4 Ra4 70. Ke3 Ra8 71. Ke4 Re8+ 72. Kf3 Kh5 73. Ne2 Kh4 74. Ng3 Kh3 75. Nf5 Ra8 76. Ke4 Ra4+ 77.
Kd5 Rxf4 78. Ke6 Kg4 79. Ne3+ Kg5 80. Nd5 Re4+ 0-1

[Event "Early-Titled-Tuesday-Blitz-February-27-2024"]
[Site "Chess.com"]
[Date "2024.02.27"]
[Round "11"]
[White "ketster"]
[Black "claudyna16"]
[Result "1-0"]
[WhiteElo "2594"]
[BlackElo "2473"]
[TimeControl "180+1"]
[EndTime "10:08:46 PST"]
[Termination "ketster won by checkmate"]

1. d4 Nf6 2. c4 g6 3. Nc3 Bg7 4.
e4 O-O 5. Nge2 d6 6. Ng3 c5 7.
d5 a6 8. a4 h5 9. Be2 h4 10.
Nf1 Qa5 11. Bd2 h3 12. g4 Nbd7 13. Ng3 Ne5 14. g5 Nh7 15. f4 Nd7 16. O-O e6 17.
Nb5 Qb6 18. a5 Qd8 19. Nxd6 exd5 20. cxd5 b5 21. axb6 Nxb6 22. Nxc8 Qxc8 23. Bg4 Qb7 24.
Bc3 Nc4 25. Qe2 Qb5 26. Bxh3 Nxb2 27. Bxg7 Kxg7 28. Rfb1 Qxe2 29. Nxe2 Nd3 30. Rb6 Nb4 31. d6 Rfd8 32. e5 Nf8 33. Rb7 Kg8 34. Nc3 Rdb8 35.
Rc7 Nd3 36. Nd5 Rb2 37. d7 Rd8 38. Rc8 Rb8 39. Rxb8 Rxb8 40. Ne7+ Kg7 41. Nc6 Nxd7 42. Nxb8 Nxb8 43. Bf1 Nxf4 44. Bxa6 Nc6 45. Rc1 Nh3+ 46. Kg2 Nxg5 47. Rxc5 Ne7 48. Bc4 Ne4 49. Rc7 Nf5 50. Rxf7+ Kh6 51. Rc7 Kg5 52. Kf3 Nd2+ 53. Ke2 Ne4 54.
e6 Kf6 55. Kd3 Ned6 56. Rd7 Nxc4 57. Kxc4 Kxe6 58. Rd3 Ke5 59. Rf3 Ke4 60. Rf2 Ke3 61. Rg2 Kf3 62. Rxg6 Kf4 63. Rg8 Ne3+ 64. Kd4 Nf5+ 65. Kd3 Nh4 66. Ke2 Nf5 67. Kf2 Nh6 68. Rf8+ Kg4 69. Kg2 Nf5 70. h3+ Kg5 71. Rg8+ Kh5 72.
Ra8 Nh4+ 73. Kg3 Nf5+ 74. Kf3 Nh4+ 75. Kf4 Ng2+ 76. Kg3 Ne3 77. Ra5+ Kg6 78. Kf4 Ng2+ 79. Kf3 Nh4+ 80. Kg4 Ng2 81. h4 Ne3+ 82. Kf4 Ng2+ 83.
Kg3 Ne3 84. Ra6+ Kh5 85. Ra5+ Kg6 86. h5+ Kh6 87. Kh3 Kg7 88. Kh4 Kh7 89. Ra7+ Kh6 90.
Ra6+ Kg7 91. Kg5 Nd5 92. h6+ Kh7 93. Ra7+ Kh8 94. Kf5 Kg8 95. Rd7 Nb6 96. Rb7 Nd5 97. Rd7 Nb6 98. Rd1 Kh7 99. Kg5 Nc4 100. Rd7+ Kg8 101. Kf6 Kh8 102. Rc7 Nd6 103. Kg6 Ne8 104. Re7 Kg8 105. Rxe8# 1-0

[Event "Early-Titled-Tuesday-Blitz-February-27-2024"]
[Site "Chess.com"]
[Date "2024.02.27"]
[Round "11"]
[White "Rurep26"]
[Black "shimastream"]
[Result "1-0"]
[WhiteElo "2732"]
[BlackElo "2929"]
[TimeControl "180+1"]
[EndTime "10:09:47 PST"]
[Termination "Rurep26 won on time"]

1. d4 Nf6 2. Bf4 c5 3. e3 Nd5 4. Bg3 Qb6 5. Nc3 Nxc3 6. bxc3 d6 7. Nf3 g6 8. Bc4 Bg7 9. O-O O-O 10. e4 Nc6 11. d5 Nb8 12. Qd3 Bg4 13. Nd2 Qc7 14. h3 Bc8 15. f4 Nd7 16. a4 Nb6 17. Bb3 a5 18. Nc4 Bd7 19. Rfb1 Ra6 20. Bh4 Re8 21. Bf2 Bh6 22. Bg3 Bg7 23. Bf2 Nxc4 24. Bxc4 Rb6 25.
Bb5 Rc8 26. Ra2 Rxb5 27. axb5 b6 28. c4 f5 29. Bg3 fxe4 30. Qxe4 Bf5 31. Qe2 Rf8 32.
Bh4 Bd4+ 33. Kh2 Rf7 34. Re1 Kf8 35. Ra3 Qd8 36. g4 Bc8 37. Rf3 Qd7 38. Qe4 Ke8 39. c3 Bg7 40. Rfe3 Bf8 41. Bg5 Kd8 42. Bh4 Ke8 43. Bg3 Kd8 44. Qd3 Kc7 45. h4 Qxg4 46. Kg2 Qh3+ 47. Kf2 Qg4 48. Rf3 Bf5 49. Qe3 Kd8 50.
Ke2 Qh5 51. Kd2 Bg4 52. Rf2 Bh6 53. Kc2 Qf5+ 54. Kb2 Bh5 55. Bh2 Bg7 56. Rd2 Bf6 57. Bg3 Qg4 58. Rd3 Qf5 59. Bf2 Qd7 60. Qe6 Qxe6 61.
Rxe6 Bg4 62. Re1 Bf5 63. Rde3 Bg7 64. Bg3 Bh6 65. Rf1 Kd7 66. Rf2 Bg4 67. Kb3 Rf5 68.
Re4 Bg7 69. Re3 Bf6 70. Rh2 Rh5 71. Re4 Bf5 72. Re1 Ke8 73. Bf2 Kf7 74. Bg3 Bg4 75.
Kb2 Rf5 76. Kb3 Kg8 77. Rf2 Kg7 78. Re3 Kh6 79. Rg2 Kh5 80. Rf2 Kh6 81. Rh2 Kg7 82.
Rf2 Kf7 83. Re4 Rh5 84. Re3 Bf5 85. Rh2 Bg7 86. Bf2 Bd7 87. Bg3 Bf8 88. Rhe2 Rf5 89.
Re4 Ke8 90. R4e3 Kd8 91. Re4 Rf7 92. Rh2 Bg4 93. Re3 Bg7 94. Rg2 Bf5 95. Rh2 Bg4 96. Re4 Bh6 97. Rf2 Bf5 98. Re3 Kd7 99. Rh2 Rf6 100.
Rf2 e6 101. dxe6+ Rxe6 102. Rxe6 Bxe6 103. Rd2 Bf8 104. Rd3 Be7 105. Re3 Bf5 106. Re2 Bf6 107. Rd2 Be7 108.
Re2 Ke8 109. Rd2 Kf7 110. Rd5 Kg7 111. Rd2 Kf7 112. Re2 Be6 113. Rd2 Bf8 114. f5 Bxf5 115. Bxd6 Bh6 116. Re2 g5 117. Re7+ Kg6 118. hxg5 Bxg5 119. Rb7 h5 120. Rxb6 Kf7 121. Bxc5 h4 122. Bd6 h3 123. Bh2 Be6 124. Rc6 Be7 125. b6 Bd7 126. Rc7 a4+ 127. Ka2 1-0